 Dungeon Crawl Stone Soup version 0.27-a0-333-gfa571bf19a (webtiles) character file.

Game seed: 15790588221772277329

25 inc the Ducker (level 2, 0/14 HPs)
             Began as a Felid Monk on Feb 12, 2021.
             Slain by a hobgoblin
             ... wielding a +0 club
              (6 damage)
             ... on level 1 of the Dungeon.
             The game lasted 00:00:58 (694 turns).

inc the Ducker (Felid Monk)                          Turns: 694, Time: 00:00:59

Health: 0/14       AC:  1    Str:  7    XL:     2   Next: 86%
Magic:  3/3        EV: 21    Int: 11    God:
Gold:   31         SH:  0    Dex: 18    Spells: 1/1 levels left
                                        Lives:  0   Deaths: 0

rFire    . . .     SeeInvis +     - Unarmed
rCold    . . .     Faith    .   (shield unavailable)
rNeg     . . .     Spirit   .   (armour unavailable)
rPois    .         Reflect  .   (helmet unavailable)
rElec    .         Harm     .   (cloak unavailable)
rCorr    .         Rampage  .   (gloves unavailable)
Will     .....                  (boots unavailable)
Stlth    +++.......             (no amulet)
HPRegen  0.04/turn              (no ring)
MPRegen  0.08/turn              (no ring)

@: quick
A: very small, no armour, no weapons or thrown items, stealth, claws 1, fangs 3,
see invisible, speed 1, shaggy fur 1, sharp paws
a: no special abilities


You were on level 1 of the Dungeon.
You visited 1 branch of the dungeon, and saw 1 of its levels.

You collected 31 gold pieces.

You aren't carrying anything.


   Skills:
 - Level 3.0 Fighting
 + Level 5.5 Dodging
 - Level 2.6 Stealth
 - Level 3.0 Unarmed Combat


You had one spell level left.
You didn't know any spells.
Your spell library was empty.

Dungeon Overview and Level Annotations

Branches:
Dungeon (1/15)

Altars:


Innate Abilities, Weirdness & Mutations

You cannot wear armour.
You are incapable of wielding weapons or throwing items.
Your paws allow you to move quietly. (Stealth)
You have sharp claws.
You have razor-sharp teeth.
You have supernaturally acute eyesight. (SInv)
You cover ground quickly.
You are covered in fur. (AC +1)
Your sharp claws are effective at attacking unaware monsters.


Message History

The giant cockroach closely misses you.
You barely miss the hobgoblin. The giant cockroach barely misses you.
The goblin hits you with a +0 club. The hobgoblin closely misses you.
You barely miss the hobgoblin.
The giant cockroach completely misses you.
The goblin closely misses you. The hobgoblin barely misses you.
The giant cockroach bites you.
You scratch the hobgoblin but do no damage.
The rat closely misses you. The goblin misses you.
The hobgoblin hits you with a +0 club.
The giant cockroach bites you but does no damage.
You are too injured to fight recklessly!
You are too injured to fight recklessly!
You are too injured to fight recklessly!
You are too injured to fight recklessly!
You are too injured to fight recklessly!
You are too injured to fight recklessly!
You are too injured to fight recklessly!
You are too injured to fight recklessly!
Unknown command.
The rat misses you.
The rat twitches its whiskers.
You are too injured to fight recklessly!
The giant cockroach bites you but does no damage.
You scratch the giant cockroach.
The giant cockroach is moderately wounded.
The giant cockroach closely misses you.
You scratch the giant cockroach but do no damage.
The giant cockroach is moderately wounded.
The giant cockroach completely misses you.
You scratch the giant cockroach.
You kill the giant cockroach!
You scratch the rat.
You kill the rat!
You barely miss the hobgoblin. The hobgoblin closely misses you.
You closely miss the hobgoblin. You completely miss the hobgoblin.
You claw the hobgoblin.
The hobgoblin is severely wounded.
The hobgoblin hits you with a +0 club.
You die...

.....###...
##.....[......#
#######.....
##..........## #
#......
##....#...## #
#...... ####.#####
# #...... #.#
#......## #.#
#.......# #.#
........########.#
........gBg@.....#
.#...!.###########
##.... #####


You could see a giant cockroach, a hobgoblin and a goblin.

Vanquished Creatures
  A dart slug (D:1)
  A giant cockroach (D:1)
  2 hobgoblins (D:1)
  6 jackals (D:1)
  2 bats (D:1)
  2 frilled lizards (D:1)
  3 goblins (D:1)
  A kobold (D:1)
  4 rats (D:1)
22 creatures vanquished.

Notes
Turn   | Place    | Note
-------+----------+-------------------------------------------
     0 | D:1      | inc the Felid Monk began the quest for the Orb.
     0 | D:1      | Reached XP level 1. HP: 10/10 MP: 2/2
   119 | D:1      | Reached XP level 2. HP: 4/14 MP: 3/3
   563 | D:1      | Reached skill level 5 in Dodging
   694 | D:1      | Slain by a hobgoblin

Illustrated notes

Levels and vault maps discovered:
D:1:      evilmike_arrival_plus, layout_rooms, fountainhead

Skill      XL: |  1  2 |
---------------+-------+-----
Dodging        | 5 |  5.5
Fighting       | |  3.0
Stealth        | |  2.6
Unarmed Combat | |  3.0

Action                   || total
-------------------------++-------
Melee: Unarmed           ||    62
       Bite              ||     8
       Punch             ||     1
 Stab: Sleeping          ||     2
Armor: Skin              ||     5
Dodge: Dodged            ||    62

Table legend: (Time is in decaauts)
 A = Elapsed time spent in this place.
 B = Non-inter-level travel time spent in this place.
 C = Inter-level travel time spent in this place.
 D = Time resting spent in this place.
 E = Time spent auto-exploring this place.
 F = Levels seen in this place.
 G = Mean time per level.
                   A        B        C        D        E       F      G
               +--------+--------+--------+--------+--------+-----+--------+
         Total |    644 |    644 |      0 |    347 |    144 |   1 |  644.0 |
       Dungeon |    644 |    644 |      0 |    347 |    144 |   1 |  644.0 |
               +--------+--------+--------+--------+--------+-----+--------+

Top non-repeatable levels by time:
     D:1: 644 daAuts
